 Dungeon Crawl Stone Soup version 0.32-a0-612-g1c984fe9d1 (webtiles) character file.

Game seed: 5789968338640549596

7403 jestert79 the Martial Artist (level 10, -9/76 HPs)
             Began as a Demonspawn Necromancer on Mar 5, 2024.
             Was a Believer of Yredelemnul.
             Mangled by a yak (13 damage)
             ... on level 10 of the Dungeon.
             The game lasted 00:35:01 (9585 turns).

jestert79 the Martial Artist (DsNe)                 Turns: 9585, Time: 00:35:02

Health: -9/76      AC:  9    Str: 11    XL:     10   Next: 92%
Magic:  13/13      EV: 14    Int: 22    God:    Yredelemnul [**....]
Gold:   230        SH:  0    Dex: 15    Spells: 3/13 levels left

rFire   . .          .
                       - Unarmed
rCold   . . .        (no shield)
rNeg    . . .        s - +1 leather armour {Will+}
rPois   .            g - +0 helmet
rElec   .            (no cloak)
rCorr   .            (gloves unavailable)
SInv    .            G - +0 pair of boots
Will    +....        (no amulet)
Stlth   +++          f - +6 ring of intelligence
HPRegen 0.32/turn    w - ring of wizardry
MPRegen 0.26/turn

%: wizardry (x1)
@: wreathed by umbra
A: thin metallic scales 2, ignite blood 1, magic regeneration, demonic touch 3
a: Renounce Religion, Light the Black Torch, Recall Undead Harvest, Hurl
Torchlight


You were on level 10 of the Dungeon.
You worshipped Yredelemnul.
Yredelemnul was noncommittal.
You visited 2 branches of the dungeon, and saw 11 of its levels.

You collected 433 gold pieces.
You spent 203 gold pieces at shops.

Inventory:

Missiles
 c - 27 poisoned darts
 d - a throwing net
 v - 3 silver javelins
 F - 2 curare-tipped darts
Armour
 g - a +0 helmet (worn)
 s - a +1 leather armour of willpower (worn)
 G - a +0 pair of boots (worn)
Jewellery
 f - a +6 ring of intelligence (left hand)
 w - a ring of wizardry (right hand)
 x - a ring of ice
 D - a ring of protection from cold
Wands
 a - a wand of polymorph (14)
 y - a wand of flame (33)
 B - a wand of digging (2)
 C - a wand of warping (10)
Scrolls
 m - 2 scrolls of blinking
 n - 2 scrolls of fear
 o - 3 scrolls of poison
 p - a scroll of revelation
 q - 4 scrolls of teleportation
 A - a scroll of vulnerability
Potions
 b - a potion of magic
 e - 2 potions of berserk rage {unknown}
 h - a potion of enlightenment
 i - 5 potions of curing {unknown}
 j - a potion of cancellation
 k - 3 potions of invisibility
 l - 2 potions of heal wounds
 r - 2 potions of might {unknown}
 t - a potion of lignification
 u - a potion of attraction {unknown}
 z - 3 potions of haste {unknown}
 E - a potion of degeneration {unknown}
 H - a potion of ambrosia {unknown}


   Skills:
 + Level 5.9 Fighting
 + Level 5.8 Dodging
 - Level 3.0 Stealth
 + Level 10.6 Unarmed Combat
 - Level 2.0 Spellcasting
 + Level 10.2 Necromancy


You had 3 spell levels left.
You knew the following spells:

 Your Spells              Type           Power      Damage    Failure   Level
a - Necrotise             Necr           100%       1d9       1%          1
b - Vampiric Draining     Necr           47%        2d9       1%          3
c - Animate Dead          Necr           47%        N/A       1%          4
d - Blink                 Tloc           4%         N/A       11%         2

Your spell library contained the following spells:

 Spells                   Type           Power      Damage    Failure   Level
 Summon Small Mammal      Summ           8%         N/A       8%          1
 Lesser Beckoning         Tloc           4%         N/A       11%         2
 Momentum Strike          Conj/Tloc      4%         3d8       11%         2
 Call Canine Familiar     Summ           2%         N/A       21%         3
 Dazzling Flash           Conj/Hex       4%         N/A       21%         3
 Gell's Gravitas          Tloc           2%         N/A       21%         3
 Summon Ice Beast         Ice/Summ       2%         N/A       21%         3
 Teleport Other           Tloc           2%         N/A       21%         3
 Volatile Blastmotes      Fire/Tloc      4%         2d10      21%         3
 Curse of Agony           Necr           47%        N/A       3%          5
 Summon Blazeheart Golem  Fire/Summ      2%         N/A       54%         4
 Summon Mana Viper        Hex/Summ       2%         N/A       86%         5
 Dispersal                Tloc           1%         N/A       100%        6
 Starburst                Conj/Fire      1%         6d3       100%        6
 Monstrous Menagerie      Summ           1%         N/A       100%        7
 Maxwell's Capacitive Co  Air            1%         ∞         100%        8


Dungeon Overview and Level Annotations

Branches:
Dungeon (10/15)            Temple (1/1) D:6             Orc (0/2) D:9
   Lair: D:8-11

Altars:
Ashenzari
Cheibriados
Dithmenos
Gozag
Hepliaklqana
Kikubaaqudgha
Makhleb
Nemelex Xobeh
Okawaru
Qazlal
Ru
Sif Muna
Trog
Uskayaw
Wu Jian
Xom
Yredelemnul

Shops:
D:6 ?   D:9 (

Annotations:
D:6 4 runed translucent doors
D:7 3 runed translucent doors, Dittersdorf's ghost, novice GrFi
Temple 2 transporters


Innate Abilities, Weirdness & Mutations

You are mostly covered in thin metallic scales. (AC +3)
Your demonic aura sometimes causes spilled blood to erupt in flames.
You regenerate magic rapidly.
Your touch may irresistibly damage your foes and sap their willpower.


Message History

Unknown command.
Your yak zombie gores the yak.
The yak gores your yak zombie. The yak gores your yak zombie!
Your yak zombie gores the yak.
The yak barely misses your yak zombie.
Your yak zombie completely misses the yak.
The yak gores your yak zombie!
Your yak zombie gores the yak.
The yak gores your yak zombie!
Your yak zombie gores the yak.
The yak gores your yak zombie! The yak gores your yak zombie!
Your yak zombie is destroyed!
You hit the yak. Your touch misses the yak.
The yak is heavily wounded.
The yak gores you.
* * * LOW HITPOINT WARNING * * *
You hit the yak but do no damage. You punch the yak.
The yak is severely wounded.
The yak barely misses you.
You hit the yak.
The yak is severely wounded.
The yak barely misses you.
You barely miss the yak. You punch the yak.
The yak is severely wounded.
The yak gores you!
* * * LOW HITPOINT WARNING * * *
Unknown command.
You hit the yak.
You touch the yak.
You kill the yak!
Their soul becomes fuel for the torch.
The dead are walking!
Unknown command.
You hit the yak but do no damage.
You touch the yak!
You sap its willpower!
The yak is heavily wounded.
The yak gores you!
* * * LOW HITPOINT WARNING * * *
Unknown command.
You completely miss the yak.
You touch the yak!
You sap its willpower!
The yak is almost dead.
The yak gores you!
You die...
Your body rises from the dead as a mindless zombie.

# #.#
##########.####
..##..........#
#.##..........#
#..#.......<..#
##
##............#
#.+
####..........#
..# #
#..........###.#
#
#..........ZY@.#
#
#.....)....#####
#..........#
############


You could see a yak (weak-willed, ally target) and a friendly yak zombie.

Vanquished Creatures
  A two-headed ogre (D:8)
  Joseph (D:9)
  A gargoyle (D:6)
  Maggie (D:7)
  A troll (D:9)
  A wraith (D:6)
  6 yaks
  A shadow (D:9)
  A steam dragon (D:7)
  Menkaure (D:7)
  An acid dragon (D:9)
  A water moccasin (D:5)
  2 orc warriors
  5 ice beasts
  4 sky beasts
  2 ogres
  5 centaurs
  A phantom (D:5)
  Blork the orc (D:4)
  3 bullfrogs
  3 kobold brigands
  2 scorpions (D:4)
  3 killer bees (D:9)
  A howler monkey (D:7)
  A bombardier beetle (D:6)
  6 orc priests
  2 jellies
  4 hounds
  2 gnoll boudas
  Jessica (D:2)
  Terence (D:2)
  3 iguanas
  2 orc wizards
  A killer bee zombie (D:9)
  Robin (D:2)
  10 gnolls
  4 adders
  A shadow imp (D:7)
  4 ufetubi
  A dart slug (D:1)
  2 ribbon worms
  22 orcs
  6 endoplasms
  3 giant cockroaches
  13 goblins
  8 hobgoblins
  2 jackals (D:5)
  23 kobolds
  A quokka (D:2)
  8 ball pythons
  5 bats
  5 frilled lizards
  2 rats
193 creatures vanquished.

Vanquished Creatures (collateral kills)
  A steam dragon (D:8)
  An ice beast (D:6)
  2 kobold brigands (D:9)
  3 killer bees (D:9)
  A howler monkey (D:7)
  A gnoll bouda (D:9)
  An orc wizard (D:8)
  A gnoll (D:9)
  4 orcs
  5 goblins
  7 kobolds
  A rat (D:2)
28 creatures vanquished.

Vanquished Creatures (others)
  Maurice (D:9)
  A yak zombie (D:10)
  3 centaur zombies
  An orc wizard (D:9)
  4 killer bee zombies (D:9)
  2 human zombies
  A howler monkey zombie (D:7)
  A gnoll (D:9)
  A steam dragon zombie (D:8)
  An iguana zombie (D:7)
  4 gnoll zombies
  3 kobold zombies (D:9)
  3 orc zombies
26 creatures vanquished.

Grand Total: 247 creatures vanquished

Notes
Turn   | Place    | Note
-------+----------+-------------------------------------------
     0 | D:1      | jestert79 the Demonspawn Necromancer began the quest for
                  | the Orb.
     0 | D:1      | Reached XP level 1. HP: 13/13 MP: 3/3
   161 | D:1      | Gained mutation: Your touch may inflict minor irresistible
                  | damage on your foes. [demonic ancestry]
   161 | D:1      | Reached XP level 2. HP: 19/19 MP: 1/5
   494 | D:1      | Reached skill level 1 in Unarmed Combat
   654 | D:1      | Gained mutation: You regenerate magic rapidly. [demonic
                  | ancestry]
   654 | D:1      | Reached XP level 3. HP: 24/24 MP: 6/6
  1004 | D:2      | Reached XP level 4. HP: 30/30 MP: 1/7
  1008 | D:2      | Learned a level 3 spell: Vampiric Draining
  1052 | D:2      | Noticed Robin
  1059 | D:2      | Killed Robin
  1202 | D:2      | Noticed Terence
  1224 | D:2      | Killed Terence
  1284 | D:2      | Noticed Jessica
  1287 | D:2      | Killed Jessica
  1288 | D:2      | Gained mutation: You are partially covered in thin metallic
                  | scales. (AC +2) [demonic ancestry]
  1288 | D:2      | Reached XP level 5. HP: 35/35 MP: 5/8
  1419 | D:2      | Learned a level 4 spell: Animate Dead
  2365 | D:3      | Found a faded altar of an unknown god.
  2780 | D:4      | Gained mutation: Your touch may inflict irresistible damage
                  | on your foes. [demonic ancestry]
  2780 | D:4      | Reached XP level 6. HP: 29/41 MP: 9/9
  2928 | D:4      | Reached skill level 5 in Unarmed Combat
  3029 | D:4      | Noticed Blork the orc
  3034 | D:4      | Killed Blork the orc
  3301 | D:5      | Entered Level 5 of the Dungeon
  3352 | D:5      | Noticed Sigmund
  3391 | D:5      | Reached skill level 5 in Necromancy
  3397 | D:5      | Sigmund changed into Sigmund the jelly
  3397 | D:5      | Noticed Sigmund
  3408 | D:5      | Killed Sigmund the jelly
  3444 | D:5      | Gained mutation: You are mostly covered in thin metallic
                  | scales. (AC +3) [demonic ancestry]
  3444 | D:5      | Reached XP level 7. HP: 46/46 MP: 7/10
  3988 | D:5      | Noticed a two-headed ogre
  4165 | D:5      | Gained mutation: Your touch may irresistibly damage your
                  | foes and sap their willpower. [demonic ancestry]
  4165 | D:5      | Reached XP level 8. HP: 34/52 MP: 8/11
  4345 | D:6      | Found Kirro's Magic Scroll Emporium.
  4348 | D:6      | Bought a scroll of identify for 28 gold pieces
  4348 | D:6      | Bought a scroll of identify for 28 gold pieces
  4348 | D:6      | Bought a scroll of revelation for 105 gold pieces
  4348 | D:6      | Bought a scroll of teleportation for 42 gold pieces
  4950 | D:6      | Found a large runed translucent door.
  4953 | D:6      | Found a large runed translucent door.
  4953 | D:6      | Noticed a troll
  5314 | D:6      | Found a large runed translucent door.
  5314 | D:6      | Found a large runed translucent door.
  5445 | D:6      | Found a staircase to the Ecumenical Temple.
  5456 | Temple   | Found a transporter.
  5456 | Temple   | Found a transporter.
  5456 | Temple   | Found a transporter.
  5456 | Temple   | Found a transporter.
  5456 | Temple   | Entered the Ecumenical Temple
  5474 | Temple   | Became a worshipper of Yredelemnul the Fallen
  5659 | D:6      | Gained mutation: Your demonic aura sometimes causes spilled
                  | blood to erupt in flames. [demonic ancestry]
  5659 | D:6      | Reached XP level 9. HP: 51/58 MP: 9/12
  5869 | D:6      | Noticed a gargoyle
  5877 | D:6      | Killed a gargoyle
  5878 | D:6      | Reached skill level 1 in Fighting
  6235 | D:7      | Found a runed translucent gate.
  6236 | D:7      | Found a runed translucent gate.
  6237 | D:7      | Found a runed translucent gate.
  6239 | D:7      | Noticed Dittersdorf's ghost (novice GrFi)
  6422 | D:7      | Found a shimmering altar of Xom.
  6447 | D:7      | Found a sparkling altar of Nemelex Xobeh.
  6447 | D:7      | Found an ornate altar of the Wu Jian Council.
  6450 | D:7      | Found an ancient bone altar of Kikubaaqudgha.
  6507 | D:7      | Noticed Maggie
  6526 | D:7      | Killed Maggie
  6687 | D:7      | Noticed Menkaure
  6693 | D:7      | Killed Menkaure
  6831 | D:7      | Your ally Maggie died
  7010 | D:7      | Reached * piety under Yredelemnul
  7475 | D:8      | Noticed a two-headed ogre
  7575 | D:8      | Killed a two-headed ogre
  7576 | D:8      | Reached skill level 10 in Unarmed Combat
  7576 | D:8      | Reached XP level 10. HP: 32/72 MP: 13/13
  7726 | D:8      | Identified the staff of Bodily Harmony {rF+ rN+++ Dex-2
                  | Fire Air Earth}
  7752 | D:8      | Found a sacrificial altar of Ru.
  8130 | D:8      | Learned a level 2 spell: Blink
  8386 | D:9      | Found a staircase to the Orcish Mines.
  8404 | D:9      | Noticed Maurice
  8424 | D:9      | Something stole a ring of ice
  8427 | D:9      | Something stole 3 silver javelins
  8448 | D:9      | Killed Maurice
  8458 | D:9      | Reached skill level 5 in Dodging
  8661 | D:9      | Reached skill level 5 in Fighting
  8899 | D:9      | Noticed Joseph
  8914 | D:9      | Killed Joseph
  8914 | D:9      | Reached ** piety under Yredelemnul
  9125 | D:9      | Found Esewinu's Weapon Boutique.
  9143 | D:9      | Your ally Joseph died
  9158 | D:9      | Reached skill level 10 in Necromancy
  9484 | D:10     | Entered Level 10 of the Dungeon
  9585 | D:10     | Mangled by a yak

Illustrated notes

Levels and vault maps discovered:
D:1:      nicolae_arrival_somewhat_less_tricky_arrival, layout_rooms
D:2:      layout_loops_ring, uniq_jessica, uniq_robin, uniq_terence
D:3:      layout_loops_ring, shapermc_ecumenical_altar_hornbeckon
D:4:      layout_basic, minivault_14, amethyst_killhole,
          amcnicky_mini_rare_corridor_liquid, uniq_blork_the_orc
D:5:      kennysheep_big_flooded_room, layout_basic, uniq_sigmund
D:6:      layout_loops_corners, minmay_temple_entry_slanted, serial_shops,
          nicolae_shop_tiny_real_fake_doors, minmay_hollow_rounded_squares
D:7:      layout_loops_ring, grunt_temple_overflow_open,
          gammafunk_ghost_nasty_kobolds, serial_rivers,
          chequers_serial_rivers_small_a, chequers_serial_rivers_micro_d,
          chequers_serial_rivers_small_a, chequers_serial_rivers_large_b,
          chequers_serial_rivers_marsh, chequers_serial_rivers_micro_d,
          chequers_serial_rivers_marsh, hangedman_abyss_or_decor_stagger,
          mrwooster_statue_mirror, serial_park_tiny_2, uniq_menkaure,
          uniq_maggie
D:8:      layout_cave_pods, mainiacjoe_overflow_surrounded_room,
          minmay_checkerbox
D:9:      layout_rooms, serial_shops, nicolae_shop_window_shopping, uniq_joseph,
          uniq_maurice
D:10:     layout_roguey [special_room_orc], nicolae_overflow_crystal_walls,
          mainiacjoe_overflow_small_starburst, gammafunk_ghost_berserking_beasts
Temple:   hellmonk_temple_divided_pantheon

Skill      XL: |  1  2  3  4  5  6  7  8  9 10 |
---------------+-------------------------------+-----
Stealth        | 2 3 |  3.0
Unarmed Combat | 1 2 3 4 5 7 9 10 | 10.6
Necromancy     | 5 6 7 9 10 | 10.2
Dodging        | 4 5 |  5.8
Fighting       | 4 5 |  5.9
Spellcasting   | |  2.0

Action                     |  1- 3 |  4- 6 |  7- 9 | 10-12 || total
---------------------------+-------+-------+-------+-------++-------
  Melee: Dagger            |    10 |       |       |       ||    10
         Unarmed           |    20 |    58 |   205 |   116 ||   399
         Touch             |     4 |    13 |    42 |    27 ||    86
         Punch             |     1 |     1 |    16 |     9 ||    27
   Cast: Necrotise         |    47 |    61 |    43 |       ||   151
         Vampiric Draining |       |     1 |     2 |     2 ||     5
         Animate Dead      |       |       |     1 |       ||     1
 Invoke: Light the Black T |       |       |     3 |     2 ||     5
         Recall Undead Har |       |       |       |     1 ||     1
  Evoke: Wand              |       |     1 |     7 |     6 ||    14
    Use: Scroll            |       |     4 |     9 |       ||    13
         Potion            |       |       |       |     2 ||     2
   Stab: Sleeping          |       |       |     4 |     1 ||     5
         Distracted        |       |       |     2 |     1 ||     3
         Invisible         |       |       |       |     1 ||     1
 Armour: Robe              |    16 |    10 |       |       ||    26
         Leather armour    |       |    27 |   135 |    90 ||   252
  Dodge: Dodged            |    22 |    25 |   105 |    91 ||   243

Table legend: (Time is in decaauts)
 A = Elapsed time spent in this place.
 B = Non-inter-level travel time spent in this place.
 C = Inter-level travel time spent in this place.
 D = Time resting spent in this place.
 E = Time spent auto-exploring this place.
 F = Levels seen in this place.
 G = Mean time per level.
                   A        B        C        D        E       F      G
               +--------+--------+--------+--------+--------+-----+--------+
         Total |   9580 |   9237 |    343 |   1534 |   5475 |  11 |  870.9 |
       Dungeon |   9543 |   9200 |    343 |   1534 |   5475 |  10 |  954.3 |
        Temple |     36 |     36 |      0 |      0 |      0 |   1 |   36.0 |
               +--------+--------+--------+--------+--------+-----+--------+

Top non-repeatable levels by time:
     D:6: 1857 daAuts
     D:7: 1112 daAuts
     D:9: 1084 daAuts
     D:8: 1079 daAuts
     D:5: 973 daAuts
     D:4: 927 daAuts
     D:1: 845 daAuts
     D:2: 840 daAuts
     D:3: 724 daAuts
    D:10: 98 daAuts
  Temple: 36 daAuts
